 Dungeon Crawl Stone Soup version 0.21-a0-274-gc1afaeb (console) character file.

793 nht the Quickloader (level 7, -2/56 HPs)
             Began as a Minotaur Hunter on Sept 19, 2017.
             Slain by an orc priest
             ... wielding a +0 hand axe
              (3 damage)
             ... on level 5 of the Dungeon.
             The game lasted 00:08:15 (3573 turns).

nht the Quickloader (Minotaur Hunter)               Turns: 3573, Time: 00:08:15

Health: -2/56      AC:  4    Str: 19    XL:     7   Next: 57%
Magic:  6/6        EV: 11    Int:  8    God:
Gold:   266        SH:  0    Dex:  7    Spells: 6/6 levels left

rFire    . . .     SeeInvis .   h - +0 trident
rCold    . . .     Gourm    .   (no shield)
rNeg     . . .     Faith    .   c - +0 leather armour
rPois    .         Spirit   .   (helmet restricted)
rElec    .         Reflect  .   (no cloak)
rCorr    .         Harm     .   q - +0 pair of gloves
MR       .....                  (no boots)
Stlth    +.........             (no amulet)
HPRegen  0.18/turn              o - -3 ring of dexterity (curse)
MPRegen  0.10/turn              (no ring)

@: no status effects
A: retaliatory headbutt, horns 2
a: no special abilities


You were on level 5 of the Dungeon.
You were not hungry.

You visited 1 branch of the dungeon, and saw 5 of its levels.

You collected 266 gold pieces.

Inventory:

Hand Weapons
 a - a +2 hand crossbow
 b - a +0 short sword
 h - a +0 trident (weapon)
 i - a -2 rapier
Missiles
 e - 7 bolts
Armour
 c - a +0 leather armour (worn)
 q - a +0 pair of gloves (worn)
Jewellery
 o - a cursed -3 ring of dexterity (left hand)
Wands
 l - a wand of scattershot (5/9)
 u - a wand of acid (8/15)
Scrolls
 j - a scroll of teleportation
 m - a scroll of magic mapping
 p - a scroll of enchant weapon
 s - a scroll of identify
 t - 2 scrolls of remove curse
 w - 2 scrolls of amnesia
Potions
 k - a potion of curing
 r - a potion of brilliance
Comestibles
 d - 7 chunks of flesh
 f - 7 bread rations
 n - 5 fruits
 x - 3 royal jellies


   Skills:
 - Level 2.4 Fighting
 + Level 10.3 Crossbows
 - Level 2.1 Dodging
 - Level 0.7 Stealth


You had 6 spell levels left.
You didn't know any spells.

Dungeon Overview and Level Annotations

Branches:
Dungeon (5/15)
 Temple: D:4-7

Altars:
Ashenzari
Cheibriados
Hepliaklqana
Makhleb

Shops:
D:4 %


Innate Abilities, Weirdness & Mutations

You reflexively headbutt those who attack you in melee.
You have a pair of horns on your head.


Message History

The orc priest barely misses you. The orc barely misses you.
You barely miss the orc priest. The orc priest closely misses you.
The orc barely misses you.
The orc priest hits you but does no damage.
You puncture the orc priest!
The orc priest is severely wounded.
The orc hits you with a flail.
* * * LOW HITPOINT WARNING * * *
The orc priest hits you with a hand axe.
* * * LOW HITPOINT WARNING * * *
You closely miss the orc priest.
The orc priest is severely wounded.
The orc hits you but does no damage.
The orc priest hits you with a hand axe.
* * * LOW HITPOINT WARNING * * *
You barely miss the orc priest.
The orc priest is severely wounded.
The orc closely misses you.
The orc priest hits you with a hand axe.
You die...

██. ... █.. █ █.█
█.█.█ █ █.█.██.███.
█.oo)...... █+█ █@█
█.█ █.█ █.█
█████.███████████.████
█...((...█............
█.███.██.█.███.......█
█.█ █.██.█.██.█....█.█
█.█ █.██.█.█.███......
█.█ █.......██ ██.....
█.█ ████.█.█.███......


You could see an orc priest and an orc.

Vanquished Creatures
  A phantom (D:4)
  A scorpion (D:4)
  A howler monkey (D:4)
  A crimson imp (D:5)
  A centaur skeleton (D:4)
  5 orc wizards
  2 orc priests
  An iguana (D:5)
  7 worker ants
  A hound skeleton (D:4)
  4 gnolls
  3 adders
  3 worms
  A leopard gecko (D:2)
  11 orcs
  10 giant cockroaches
  2 goblins
  6 hobgoblins
  A ball python (D:1)
  7 bats
  4 frilled lizards
  10 kobolds
  A leopard gecko skeleton (D:5)
  10 rats
94 creatures vanquished.

Notes
Turn   | Place    | Note
-------+----------+-------------------------------------------
     0 | D:1      | nht the Minotaur Hunter began the quest for the Orb.
     0 | D:1      | Reached XP level 1. HP: 18/18 MP: 0/0
   102 | D:1      | Found a snail-covered altar of Cheibriados.
   112 | D:1      | Reached XP level 2. HP: 25/25 MP: 1/1
   138 | D:1      | Reached skill level 5 in Crossbows
   765 | D:2      | Reached XP level 3. HP: 30/30 MP: 2/2
  1404 | D:2      | Reached skill level 6 in Crossbows
  1418 | D:3      | Reached XP level 4. HP: 20/37 MP: 3/3
  1825 | D:3      | Reached XP level 5. HP: 34/42 MP: 4/4
  1833 | D:3      | Reached skill level 7 in Crossbows
  2196 | D:4      | Reached skill level 8 in Crossbows
  2201 | D:4      | Reached XP level 6. HP: 17/50 MP: 5/5
  2229 | D:4      | Found Xoxowol's Food Emporium.
  2501 | D:4      | Found a shattered altar of Ashenzari.
  2562 | D:4      | Reached skill level 9 in Crossbows
  2578 | D:4      | Reached XP level 7. HP: 22/56 MP: 6/6
  2983 | D:5      | Entered Level 5 of the Dungeon
  3019 | D:5      | Found a hazy altar of Hepliaklqana.
  3025 | D:5      | Found a burning altar of Makhleb.
  3139 | D:5      | Reached skill level 10 in Crossbows
  3572 | D:5      | HP: 1/56 [orc priest/hand axe (3)]
  3573 | D:5      | Slain by an orc priest

Vault maps used:
D:1:      nzn_arrival_depleted_hourglass, cheibriados_altar_1
D:2:      first_bread
D:3:      kennysheep_boxes
D:4:      nicolae_ashenzari_panopticon, serial_shops, shop
D:5:      overflow_temple_1_default, grunt_gozag_breadcrumbs,
          minmay_temple_entry_from_below_a, basic_altar, uniq_duvessa

Skill      XL: |  1  2  3  4  5  6  7 |
---------------+----------------------+-----
Crossbows      | 5 6 8 9 10 | 10.3
Fighting       | |  2.4
Dodging        | |  2.1
Stealth        | |  0.7

Action                   |  1- 3 |  4- 6 |  7- 9 || total
-------------------------+-------+-------+-------++-------
Melee: Short sword       |    12 |    21 |       ||    33
       Trident           |       |   136 |    72 ||   208
       Headbutt          |       |    21 |     8 ||    29
 Fire: Hand crossbow     |    77 |     7 |    10 ||    94
  Use: Scroll            |     8 |     2 |     1 ||    11
       Potion            |     4 |     6 |     1 ||    11
 Stab: Invisible         |     1 |       |       ||     1
       Sleeping          |       |     1 |       ||     1
  Eat: Chunk             |       |     5 |     4 ||     9
Armor: Leather armour    |     2 |    30 |    12 ||    44
Dodge: Dodged            |    22 |   111 |    39 ||   172

Table legend:
 A = Spawn XP
 B = Non-spawn XP
 C = Spawn XP percentage of total XP
 D = Spawn monster count
 E = Non-spawn monster count
 F = Spawn count percentage of total count
 G = Total turns spent on level
                    A         B        C        D         E        F      G
               +---------+---------+-------+---------+---------+-------+---------
         Total |       0 |    1133 |   0.0 |       0 |      94 |   0.0 |  3573
               +---------+---------+-------+---------+---------+-------+---------
           D:1 |       0 |      34 |   0.0 |       0 |      24 |   0.0 |   530
           D:2 |       0 |      38 |   0.0 |       0 |      12 |   0.0 |   843
           D:3 |       0 |     148 |   0.0 |       0 |      29 |   0.0 |   791
           D:4 |       0 |     671 |   0.0 |       0 |      18 |   0.0 |   819
           D:5 |       0 |     242 |   0.0 |       0 |      11 |   0.0 |   590
               +---------+---------+-------+---------+---------+-------+---------
